 Dungeon Crawl Stone Soup version 0.24-a0-201-gf205589 (webtiles) character file.

Game seed: 9025991168031965368

128 Ivan the Cudgeler (level 5, 0/36 HPs)
             Began as a Halfling Chaos Knight on Mar 24, 2019.
             Was a Plaything of Xom.
             Slain by a gnoll
             ... wielding a +0 halberd
              (8 damage)
             ... on level 3 of the Dungeon.
             The game lasted 00:05:54 (1505 turns).

Ivan the Cudgeler (Halfling Chaos Knight)           Turns: 1505, Time: 00:05:55

Health: 0/36       AC:  6    Str: 14    XL:     5   Next: 34%
Magic:  5/5        EV: 12    Int: 10    God:    Xom [..*...]
Gold:   95         SH:  4    Dex: 14    Spells: 4/4 levels left

rFire    . . .     SeeInvis .   a - +0 mace (chaos)
rCold    . . .     Gourm    .   l - +0 buckler
rNeg     . . .     Faith    .   k - +0 ring mail
rPois    .         Spirit   .   (no helmet)
rElec    .         Reflect  .   n - scarf {cloud immunity}
rCorr    .         Harm     .   (no gloves)
MR       .....                  f - +0 pair of boots
Stlth    +.........             (no amulet)
HPRegen  0.12/turn              (no ring)
MPRegen  0.09/turn              (no ring)

@: hasted, very quick
A: small, mutation resistance 1
a: Renounce Religion


You were on level 3 of the Dungeon.
You worshipped Xom.
You were a toy of Xom.
You were not hungry.

You visited 1 branch of the dungeon, and saw 3 of its levels.

You collected 95 gold pieces.

Inventory:

Hand Weapons
 a - a +0 mace of chaos (weapon)
Armour
 f - a +0 pair of boots (worn)
 k - a +0 ring mail (worn)
 l - a +0 buckler (worn)
 n - a scarf of cloud immunity (worn)
Scrolls
 b - a scroll of noise {unknown}
 d - 2 scrolls of enchant armour {unknown}
 e - 2 scrolls of fear {unknown}
 g - a scroll of teleportation {unknown}
 m - 2 scrolls of identify {unknown}
 o - a scroll of magic mapping {unknown}
 t - a scroll of enchant weapon {unknown}
Potions
 h - a potion of heal wounds {unknown}
 i - a potion of invisibility {unknown}
 j - a potion of brilliance {unknown}
 p - 3 potions of curing {unknown}
 q - a potion of cancellation {unknown}
 r - a potion of flight {unknown}
 s - a potion of berserk rage {unknown}
 u - a potion of lignification {unknown}
Comestibles
 c - 5 rations


   Skills:
 + Level 3.6 Fighting
 + Level 3.9 Maces & Flails
 + Level 2.7 Armour
 + Level 1.5 Dodging
 + Level 1.4 Stealth


You had 4 spell levels left.
You didn't know any spells.
Your spell library was empty.

Dungeon Overview and Level Annotations

Branches:
Dungeon (3/15)

Altars:


Innate Abilities, Weirdness & Mutations

You are small and have problems with some larger weapons.
You are somewhat resistant to further mutation.


Message History

The gnoll completely misses you.
You barely miss the gnoll. The gnoll hits you with a +0 club.
You emit a cloud of colourful smoke!
You hit the gnoll.
The gnoll is poisoned.
The gnoll is moderately wounded.
The gnoll hits you from afar with a +0 halberd.
* * * LOW HITPOINT WARNING * * *
The gnoll hits you but does no damage.
You hit the gnoll. You burn the gnoll.
The gnoll is almost dead.
The gnoll hits you from afar with a +0 halberd.
* * * LOW HITPOINT WARNING * * *
The gnoll hits you with a +0 club.
* * * LOW HITPOINT WARNING * * *
You hit the gnoll.
The gnoll goes berserk!
Xom is amused.
The gnoll is almost dead.
You block the gnoll's attack.
The gnoll hits you from afar with a +0 halberd!
You die...

####.........##......
#....#†#.....#..##.?#
#.####.##......?....# .
#.# ##.##...........#..
##.###..#..........%....
......................#
.........#............#
....##.....#†..§§....#
........####...§@g...#
........# #....§§.....#
.......## #......g.....
......## ####.#...#.##
......# #........# .....
###......# ##....# ....#


You could see 2 gnolls.

Vanquished Creatures
  Crazy Yiuf (D:2)
  2 gnolls
  3 adders
  2 worms
  2 dart slugs (D:1)
  3 bats (D:1)
  4 giant cockroaches
  7 hobgoblins
  6 kobolds (D:1)
  A quokka (D:3)
  A ball python (D:2)
  2 frilled lizards
  8 goblins
  4 rats
46 creatures vanquished.

Notes
Turn   | Place    | Note
-------+----------+-------------------------------------------
     0 | D:1      | Ivan the Halfling Chaos Knight began the quest for the Orb.
     0 | D:1      | Reached XP level 1. HP: 15/15 MP: 1/1
    46 | D:1      | XOM: potion effect (heal wounds)
    49 | D:1      | Reached XP level 2. HP: 20/20 MP: 2/2
   183 | D:1      | XOM: divination: magic mapping
   460 | D:1      | Reached XP level 3. HP: 25/26 MP: 3/3
   540 | D:1      | XOM: smoke on damage
   853 | D:2      | Reached XP level 4. HP: 26/31 MP: 4/4
  1047 | D:2      | Found a runed translucent door.
  1048 | D:2      | Noticed Crazy Yiuf
  1362 | D:2      | XOM: butterfly on damage
  1364 | D:2      | Killed Crazy Yiuf
  1364 | D:2      | Reached XP level 5. HP: 17/36 MP: 5/5
  1470 | D:3      | Reached skill level 1 in Stealth
  1494 | D:3      | XOM: potion effect (haste)
  1502 | D:3      | XOM: smoke on damage
  1505 | D:3      | Slain by a gnoll

Levels and vault maps discovered:
D:1:      wander_arrival_fairy_ring, layout_basic,
          chequers_serial_rivers_small_b, chequers_mini_garden,
          minmay_tetromino_o2
D:2:      layout_basic, uniq_crazy_yiuf_cottage
D:3:      layout_rooms, minmay_quadrilaterals

Skill      XL: |  1  2  3  4  5 |
---------------+----------------+-----
Fighting       | 3 |  3.6
Maces & Flails | 3 |  3.9
Stealth        | 1 |  1.4
Armour         | |  2.7
Dodging        | |  1.5

Action                   |  1- 3 |  4- 6 || total
-------------------------+-------+-------++-------
Melee: Mace              |    80 |    44 ||   124
 Stab: Paralysed         |     3 |       ||     3
       Confused          |     2 |       ||     2
  Eat: Ration            |       |     1 ||     1
Armor: Leather armour    |    25 |       ||    25
       Ring mail         |     1 |     7 ||     8
Dodge: Dodged            |    70 |    16 ||    86
Block: Buckler           |     2 |     4 ||     6

Table legend:
 A = Non-vault XP
 B = Vault XP
 C = Vault XP percentage of total XP
 D = Non-vault monster count
 E = Vault monster count
 F = Vault count percentage of total count
                 A         B        C        D         E       F
            +---------+---------+-------+---------+---------+-------
      Total |     140 |      44 |  23.9 |      43 |       3 |   6.5
            +---------+---------+-------+---------+---------+-------
        D:1 |      61 |       4 |   6.2 |      27 |       2 |   6.9
        D:2 |      42 |      40 |  48.8 |      10 |       1 |   9.1
        D:3 |      37 |       0 |   0.0 |       6 |       0 |   0.0
            +---------+---------+-------+---------+---------+-------
